 Dungeon Crawl Stone Soup version 0.18-a0-965-g9200175 (webtiles) character file.

19597 Duffy the Grappler (level 12, 63/63 HPs)
             Began as a Vine Stalker Fighter on Jan 1, 2016.
             Was the Champion of Cheibriados.
             Quit the game on level 4 of the Lair of Beasts.
             The game lasted 00:16:49 (10349 turns).

Duffy the Grappler (Vine Stalker Fighter)          Turns: 10349, Time: 00:16:49

Health: 63/63      AC: 18    Str: 40    XL:     12   Next: 70%
Magic:  19/19      EV:  9    Int: 29    God:    Cheibriados [******]
Gold:   765        SH:  0    Dex: 33    Spells: 0 memorised, 11 levels left

rFire  + . .     SeeInvis .       - Unarmed
rCold  . . .     Gourm    .     x - +0 plate armour
rNeg   . . .     Faith    .     (no shield)
rPois  +         Spirit   +     o - +2 hat
rElec  .         Dismiss  +     C - +0 cloak
rCorr  .         Reflect  .     j - +0 pair of gloves
SustAt .         Harm     .     Y - +0 pair of boots
MR     +++..                    V - amulet of dismissal
Stlth  ..........               X - ring "Rediru" {rF+ MR++ Str+4 Int+4 Dex+3}
                                p - ring of poison resistance

@: very slow, extremely resistant to hostile enchantments, extremely unstealthy
A: fangs 3, regeneration 3, magic shield, antimagic bite, no device heal 3, rot
immunity
a: Bend Time, Temporal Distortion, Slouch, Step From Time, Renounce Religion


You were on level 4 of the Lair of Beasts.
You worshipped Cheibriados.
Cheibriados was exalted by your worship.
You were not hungry.

You visited 2 branches of the dungeon, and saw 13 of its levels.
You also visited: Sewer and Volcano.

You collected 765 gold pieces.


Innate Abilities, Weirdness & Mutations

You have razor-sharp teeth.
You regenerate.
When hurt, damage is shared between your health and your magic reserves.
Your bite disrupts and absorbs the magic of your enemies.
Potions and wands cannot restore your health.
You are immune to rotting.


   Skills:
 + Level 7.5 Fighting
 - Level 5.2 Armour
 + Level 5.2 Dodging
   Level 2.6 Shields
 * Level 14.8 Unarmed Combat
 - Level 8.0 Invocations


You had 11 spell levels left.
You didn't know any spells.

Inventory:

Hand Weapons
 E - a +1 blowgun
Missiles
 e - 4 curare-tipped needles
 v - 34 poisoned needles
Armour
 j - a +0 pair of gloves (worn)
 o - a +2 hat (worn)
 x - a +0 plate armour (worn)
 C - a +0 cloak (worn)
 Y - a +0 pair of boots (worn)
Jewellery
 a - an uncursed ring of sustain attributes
 k - an uncursed ring of ice
 p - a ring of poison resistance (left hand)
 t - an uncursed ring of teleportation
 y - an uncursed ring of wizardry
 I - an uncursed ring of protection from cold
 V - an amulet of dismissal (around neck)
 X - the ring "Rediru" (right hand) {rF+ MR++ Str+4 Int+4 Dex+3}

   [ring of protection from fire]

   It affects your strength (+4).
   It affects your intelligence (+4).
   It affects your dexterity (+3).
   It protects you from fire.
   It affects your resistance to hostile enchantments.
Wands
 i - a wand of digging (1/24)
 A - a wand of cold (0/15)
 D - a wand of frost (9/48)
 L - a wand of confusion (28/48)
 M - a wand of polymorph (2/24)
 P - a wand of draining (2/15)
 Q - a wand of magic darts (13/48)
 S - a wand of flame (24/48)
Scrolls
 g - a scroll of fog
 l - 2 scrolls of recharging
 n - 2 scrolls of remove curse
 u - a scroll of fear
 B - 5 scrolls of teleportation
 J - 4 scrolls of enchant armour
 N - a scroll of blinking {unknown}
 O - a scroll of vulnerability {unknown}
 R - a scroll of amnesia {unknown}
 Z - a scroll of random uselessness {unknown}
Potions
 b - a potion of beneficial mutation {unknown}
 c - 4 potions of might
 h - a potion of magic
 m - a potion of lignification {unknown}
 s - a potion of agility {unknown}
 z - 2 potions of heal wounds {unknown}
 F - a potion of degeneration {unknown}
 G - 3 potions of flight
 H - 6 potions of curing
 K - a potion of cure mutation {unknown}
 T - 2 potions of invisibility
 U - a potion of brilliance {unknown}
Books
 W - a book of the Dragon
Comestibles
 d - 13 bread rations
 f - 6 meat rations
 q - 3 slices of pizza
 r - 8 fruits
 w - 4 beef jerkies

Dungeon Overview and Level Annotations

Branches:
Dungeon (9/15)             Temple (0/1) D:7            Lair (4/8) D:9
  Snake (0/4) Lair:3
  Swamp: Lair:3-6    Shoals: Lair:3-6       Orc: D:9-12

Altars:
Ashenzari
Cheibriados
Elyvilon
Fedhas
Gozag
Kikubaaqudgha
Okawaru
Pakellas
Qazlal
Vehumet
Xom
Yredelemnul
Zin

Shops:
D:7 *


Message History

Found 21 stones.
Found a pair of boots.
You see here a dented malachite amulet.
An iguana comes into view.
The crocodile closely misses you.
The crocodile bites you but does no damage.
You punch the crocodile! Your bite misses the crocodile.
The crocodile is moderately wounded.
The crocodile closely misses you.
You punch the crocodile! You bite the crocodile. You drain its power.
You kill the crocodile!
Cheibriados appreciates the change of pace.
The iguana misses you.
You hit the iguana. You punch the iguana.
You bite the iguana, but do no damage.
The iguana is lightly wounded.
You barely miss the iguana. Your bite misses the iguana.
The iguana is lightly wounded.
The iguana barely misses you.
You pummel the iguana!!
You kill the iguana!
Cheibriados thoroughly appreciates the change of pace.
No target in view!
No target in view!
No target in view!
No target in view!
No target in view!
No target in view!
No target in view!
V - a dented malachite amulet Put on which piece of jewellery? (? for menu, Esc to quit)
The world spins around you as a field of translocational energy flows through you!
V - an amulet of dismissal (around neck) There's nothing to close nearby.
Are you sure you want to abandon this character and quit the game? (Confirm with "yes".)

# ....### ###...##PP. ##.. #
.#....#..[(## #..### .##
............P ####.##.###..##..
.....# ......###.)......P....#..
...^##..................>..#....
....... #......#..............#.
....... ##....#.##P.........#..
...##.7 #.....@................
#.77 7P.....7777777<...#..#..


777 ...##...77 77......#.. .. #7777 77.....#.. . 7....%... 7........ 77.<##..#.
7...##..## 7...##.##. There were no monsters in sight!

Action                   |  1- 3 |  4- 6 |  7- 9 | 10-12 || total
-------------------------+-------+-------+-------+-------++-------
Melee: Unarmed           |    57 |   171 |   235 |   504 ||   967
Evoke: Wand              |       |       |     1 |    11 ||    12
  Use: Scroll            |       |       |     4 |    16 ||    20
 Stab: Invisible         |       |     2 |       |       ||     2
  Eat: Chunk             |       |     3 |     5 |    10 ||    18

Notes
Turn   | Place    | Note
--------------------------------------------------------------
     0 | D:1      | Duffy the Vine Stalker Fighter began the quest for the Orb.
     0 | D:1      | Reached XP level 1. HP: 11/11 MP: 2/2
    42 | D:2      | Reached XP level 2. HP: 5/16 MP: 0/3
   132 | D:2      | Noticed Jessica
   147 | D:2      | Killed Jessica
   147 | D:2      | Reached skill level 3 in Unarmed Combat
   147 | D:2      | Reached XP level 3. HP: 7/19 MP: 4/4
   223 | D:2      | Found an ancient bone altar of Kikubaaqudgha.
   224 | D:2      | Found a blossoming altar of Fedhas.
   379 | D:3      | Found a snail-covered altar of Cheibriados.
   385 | D:3      | Became a worshipper of Cheibriados the Contemplative
   573 | D:1      | Reached skill level 4 in Unarmed Combat
   838 | D:2      | Reached XP level 4. HP: 20/23 MP: 5/5
   881 | D:2      | Reached * piety under Cheibriados
  1334 | D:1      | Reached skill level 5 in Unarmed Combat
  1334 | D:1      | Reached XP level 5. HP: 18/27 MP: 6/6
  1796 | D:3      | Reached ** piety under Cheibriados
  1849 | D:3      | Found a stormy altar of Qazlal.
  1849 | D:3      | Found an opulent altar of Gozag.
  2156 | D:3      | Reached skill level 6 in Unarmed Combat
  2165 | D:3      | Gained mutation: You heal very quickly. [Vine Stalker growth]
  2165 | D:3      | Reached XP level 6. HP: 30/32 MP: 7/7
  2346 | D:3      | Found a shimmering altar of Xom.
  2464 | D:3      | Reached skill level 7 in Unarmed Combat
  2475 | D:3      | Reached XP level 7. HP: 15/35 MP: 5/8
  2593 | D:4      | Reached skill level 8 in Unarmed Combat
  2598 | D:4      | Reached *** piety under Cheibriados
  2927 | D:4      | Reached skill level 3 in Fighting
  2927 | D:4      | Gained mutation: You have razor-sharp teeth. [Vine Stalker growth]
  2927 | D:4      | Reached XP level 8. HP: 36/40 MP: 9/9
  2951 | D:4      | Found a glowing silver altar of Zin.
  3124 | D:4      | Reached skill level 9 in Unarmed Combat
  3240 | D:5      | Entered Level 5 of the Dungeon
  3254 | D:5      | Found a shimmering altar of Xom.
  3551 | D:5      | Found a white marble altar of Elyvilon.
  3600 | D:5      | Found a radiant altar of Vehumet.
  3723 | D:6      | Noticed Crazy Yiuf
  3729 | D:6      | Killed Crazy Yiuf
  3775 | D:6      | Noticed Sigmund
  3776 | D:6      | Reached **** piety under Cheibriados
  3776 | D:6      | Reached skill level 4 in Fighting
  3784 | D:6      | Killed Sigmund
  3975 | D:6      | Found a glowing drain.
  3993 | Sewer    | Entered a sewer
  4049 | Sewer    | Reached skill level 5 in Fighting
  4074 | Sewer    | Found a glowing silver altar of Zin.
  4242 | D:6      | Reached skill level 10 in Unarmed Combat
  4256 | D:6      | Reached ***** piety under Cheibriados
  4256 | D:6      | Reached XP level 9. HP: 47/47 MP: 10/10
  4541 | D:6      | Found an oddly glowing altar of Pakellas.
  4741 | D:7      | Found a staircase to the Ecumenical Temple.
  4832 | D:7      | Found an opulent altar of Gozag.
  4833 | D:7      | Found Gozag's Platinum Reserve.
  4931 | D:7      | Reached skill level 1 in Dodging
  5039 | D:7      | Reached skill level 3 in Armour
  5374 | D:8      | Reached skill level 2 in Dodging
  5392 | D:8      | Reached skill level 11 in Unarmed Combat
  5478 | D:8      | Reached skill level 1 in Invocations
  5559 | D:8      | Reached skill level 2 in Invocations
  5559 | D:8      | Reached XP level 10. HP: 53/53 MP: 12/12
  5590 | D:8      | Found an iron altar of Okawaru.
  5641 | D:8      | Noticed Grum
  5650 | D:8      | Reached skill level 3 in Invocations
  5654 | D:8      | Killed Grum
  5735 | D:8      | Reached skill level 4 in Invocations
  5891 | D:8      | Reached ****** piety under Cheibriados
  6032 | D:9      | Reached skill level 12 in Unarmed Combat
  6211 | D:9      | Found a basalt altar of Yredelemnul.
  6218 | D:9      | Noticed Psyche
  6227 | D:9      | Killed Psyche
  6227 | D:9      | Reached skill level 5 in Invocations
  6307 | D:9      | Found a staircase to the Lair.
  6344 | D:9      | Found a shattered altar of Ashenzari.
  6584 | Lair:1   | Entered Level 1 of the Lair of Beasts
  6634 | Lair:1   | Reached skill level 6 in Invocations
  6649 | Lair:1   | Noticed a black mamba
  6657 | Lair:1   | Killed a black mamba
  6768 | Lair:1   | Reached XP level 11. HP: 50/56 MP: 16/16
  6944 | Lair:1   | Reached skill level 7 in Invocations
  6977 | Lair:1   | Noticed Fannar
  6997 | Lair:1   | Killed Fannar
  6997 | Lair:1   | Reached skill level 13 in Unarmed Combat
  7454 | Lair:2   | Reached skill level 8 in Invocations
  7468 | Lair:2   | Reached skill level 6 in Fighting
  7780 | Lair:2   | Reached skill level 4 in Armour
  7819 | Lair:2   | Reached skill level 3 in Dodging
  8619 | Lair:3   | Found a dark tunnel.
  8624 | Volcano  | Entered a volcano
  8653 | Volcano  | Gained mutation: You regenerate. [Vine Stalker growth]
  8653 | Volcano  | Reached XP level 12. HP: 39/62 MP: 13/19
  8873 | Volcano  | Reached skill level 14 in Unarmed Combat
  8888 | Volcano  | Reached skill level 4 in Dodging
  8943 | Volcano  | Found a burning altar of Makhleb.
  9078 | Lair:3   | Reached skill level 7 in Fighting
  9165 | Lair:3   | Reached skill level 5 in Armour
  9485 | Lair:3   | Found a staircase to the Snake Pit.
  9693 | Lair:3   | Got a coiled wooden ring
  9697 | Lair:3   | Identified the ring "Rediru" {rF+ MR++ Str+4 Int+4 Dex+3} (You found it on level 3 of the Lair of Beasts)
  9913 | Lair:3   | Reached skill level 5 in Dodging
 10349 | Lair:4   | Quit the game

Vault maps used:
D:1:      matt_arrival_diagonals
D:2:      grunt_temple_overflow_growth_and_decay, first_bread, uniq_jessica
D:3:      old_standard_altar, gammafunk_temple_overflow_elements, tgw_xom
D:4:      kennysheep_mini_moat
D:5:      old_standard_altar, vehumet_crystals, basic_altar
D:6:      johnstein_pakellas_dig, portal_sewer_entry_f,
          hangedman_abyss_or_decor_passed, uniq_sigmund, uniq_crazy_yiuf_cottage
D:7:      minmay_temple_entry_glassed_door, nicolae_gozag_zags_fifth_avenue
D:8:      lemuel_doored_altar, uniq_grum
D:9:      lemuel_crystal_altar, nicolae_overflow_crystal_walls, uniq_psyche
Lair:1:   nicolae_quartered_pool_super, infiniplex_staircase_pool_2, uniq_fannar
Lair:2:   pond
Lair:3:   dummy_snake_entry, nicolae_volcano_entry_s_turn, minmay_holes,
          worms_lemuel
Lair:4:   wad_woods_structure_01, minivault_23
Sewer:    sewer_kobolds
Volcano:  volcano_grotto

Vanquished Creatures
  Fannar
  An orc knight
  A black mamba
  6 spiny frogs Psyche
  4 komodo dragons
  3 blink frogs
  2 trolls
  A polar bear Sigmund
  3 fire bats
  2 wyverns
  A basilisk
  21 yaks Grum
  7 hippogriffs
  8 swamp worms
  8 wolves
  7 water moccasins
  5 porcupines
  A swamp drake
  4 orc warriors
  An ice beast
  A black bear
  2 ogres
  3 sky beasts
  2 necrophages
  10 crocodiles
  2 centaurs
  2 big kobolds
  12 giant frogs
  3 scorpions
  4 killer bees
  9 wights
  An electric eel
  5 lava snakes
  A crimson imp
  A centaur zombie
  2 hounds
  5 orc priests
  A centaur skeleton
  5 jellies
  6 orc wizards Crazy Yiuf Jessica
  9 iguanas
  6 worker ants
  A hound skeleton
  16 gnolls
  7 adders
  50 river rats
  4 shadow imps
  2 oozes
  13 worms
  An adder zombie
  2 giant geckos
  26 orcs
  7 giant cockroaches
  5 goblins
  3 hobgoblins
  6 jackals
  11 kobolds
  2 quokkas
  A ball python
  6 bats
  3 giant newts
  7 rats
  3 fungi
  4 plants
364 creatures vanquished.
